 Dungeon Crawl Stone Soup version 0.23.0-3-gf3c87f2 (webtiles) character file.

Game seed: 8111016493912769907

14 Borgoz the Sneak (level 2, 0/20 HPs)
             Began as a Ghoul Enchanter on Feb 24, 2019.
             Slain by a rat (1 damage)
             ... on level 1 of the Dungeon.
             The game lasted 00:02:16 (363 turns).

Borgoz the Sneak (Ghoul Enchanter)                   Turns: 363, Time: 00:02:16

Health: 0/20       AC:  2    Str: 11    XL:     2   Next: 41%
Magic:  3/3        EV: 12    Int: 10    God:
Gold:   31         SH:  0    Dex:  9    Spells: 3/4 levels left

rFire    . . .     SeeInvis .   a - +1 dagger
rCold    + . .     Gourm    .   (no shield)
rNeg     + + +     Faith    .   b - +0 robe
rPois    ∞         Spirit   .   (no helmet)
rElec    .         Reflect  .   (no cloak)
rCorr    .         Harm     .   (no gloves)
MR       .....                  (no boots)
Stlth    ++........             (no amulet)
HPRegen  0.00/turn              (no ring)
MPRegen  0.08/turn              (no ring)

@: rotting
A: rotting body, claws 1, carnivore, cold resistance 1, negative energy
resistance 3, inhibited regeneration, torment resistance, unbreathing
a: no special abilities


You were on level 1 of the Dungeon.
You were not hungry.

You visited 1 branch of the dungeon, and saw 2 of its levels.

You collected 31 gold pieces.

Inventory:

Hand Weapons
 a - a +1 dagger (weapon)
Armour
 b - a +0 robe (worn)
Potions
 c - a potion of mutation {unknown}
 e - a potion of heal wounds {unknown}
 g - a potion of lignification {unknown}
Comestibles
 d - 3 rations
 f - a chunk of flesh


   Skills:
 * Level 1.3 Short Blades
 + Level 1.9 Dodging
 + Level 3.5 Stealth
 - Level 1.7 Spellcasting
 * Level 2.6 Hexes


You had 3 spell levels left.
You knew the following spells:

 Your Spells              Type           Power        Failure   Level  Hunger
a - Corona                Hex            #......      11%         1    ##.....

Your spell library contained the following spells:

 Spells                   Type           Power        Failure   Level  Hunger
 Ensorcelled Hibernation  Hex/Ice        #.....       28%         2    ###....
 Confuse                  Hex            #.......     32%         3    ####...
 Tukima's Dance           Hex            #.......     32%         3    ####...
 Dazzling Spray           Conj/Hex       #.....       50%         3    ####...


Dungeon Overview and Level Annotations

Branches:
Dungeon (2/15)

Altars:


Innate Abilities, Weirdness & Mutations

Your body is rotting away.
You thrive on raw meat.
You are immune to poison.
You have sharp fingernails.
You are carnivorous and can eat meat at any time.
Your flesh is cold resistant. (rC+)
You are immune to negative energy. (rN+++)
You do not regenerate when monsters are visible.
You are immune to unholy pain and torment.
You can survive without breathing.


Message History

Eat one of 2 chunks of flesh? (ye/n/q)
You eat one of the 2 chunks of flesh.
This raw flesh tastes great!
Your magical contamination has completely faded away.
A kobold comes into view.
A kobold comes into view.
It is wielding a +2 short sword of speed.
The kobold shouts! x2; You hear a shout! x2
The kobold throws a stone.
The stone hits you.
A goblin comes into view. It is wielding a +0 club.
The goblin shouts!
The kobold throws a stone.
The stone closely misses you.
A goblin comes into view. It is wielding a +0 dagger.
A rat comes into view.
The kobold hits you with a +2 short sword of speed.
* * * LOW HITPOINT WARNING * * *
The kobold closely misses you.
The kobold hits you with a +2 short sword of speed.
* * * LOW HITPOINT WARNING * * *
The kobold throws a stone.
The stone closely misses you. The kobold misses you. The rat bites you.
You die...

#.# #.# #.# #.# ##.## ... #r#
.#########@#####.
........K.K.......
#...g(g###....#^ ##..#..##..#....
#. ##...)##.........# ##..#####
##...##.........## #[(. #...
##.............. #..###.#
#.#.#........# ##
.......#########.#.....(....##...


You could see 2 goblins, 2 kobolds and a rat.

Vanquished Creatures
  An ooze (D:2)
  A dart slug (D:2)
  2 goblins
  A hobgoblin (D:2)
  2 bats
  A rat (D:1)
8 creatures vanquished.

Notes
Turn   | Place    | Note
-------+----------+-------------------------------------------
     0 | D:1      | Borgoz the Ghoul Enchanter began the quest for the Orb.
     0 | D:1      | Reached XP level 1. HP: 14/14 MP: 2/2
    76 | D:2      | Reached skill level 1 in Short Blades
    80 | D:2      | Reached XP level 2. HP: 9/20 MP: 3/3
   363 | D:1      | HP: 1/20 [kobold/+2 short sword of speed (5)]
   363 | D:1      | Slain by a rat

Skill      XL: |  1 |
---------------+----+-----
Short Blades   | 1 |  1.3
Dodging        | |  1.9
Stealth        | |  3.5
Spellcasting   | |  1.7
Hexes          | |  2.6

Action                   || total
-------------------------++-------
Melee: Dagger            ||    50
 Cast: Corona            ||     3
  Use: Scroll            ||     1
  Eat: Chunk             ||     5
Armor: Robe              ||     3
Dodge: Dodged            ||    30
